 Dungeon Crawl Stone Soup version 0.21.0-24-g2553a33 (webtiles) character file.

99480 Gorglomux the Warrior (level 15, -4/141 HPs)
             Began as a Purple Draconian Monk on Jan 19, 2018.
             Was a High Priest of Okawaru.
             Slain by an entropy weaver (10 damage)
             ... on level 2 of the Spider Nest.
             The game lasted 01:34:36 (40743 turns).

Gorglomux the Warrior (Purple Draconian Monk)      Turns: 40743, Time: 01:34:57

Health: -4/141     AC:  5    Str: 15    XL:     15   Next: 77%
Magic:  17/26      EV: 30    Int: 12    God:    Okawaru [*****.]
Gold:   290        SH:  0    Dex: 17    Spells: 14/28 levels left

rFire    . . .     SeeInvis .   o - +3 spear (venom)
rCold    + . .     Gourm    .   (no shield)
rNeg     . . .     Faith    .   (armour unavailable)
rPois    .         Spirit   .   (helmet restricted)
rElec    +         Reflect  .   P - +1 cloak of Starlight {god gift, rElec rC+ EV+4 Stlth--}
rCorr    +         Harm     .   H - +2 pair of gloves
MR       +++..                  V - +2 pair of boots {Fly} {god gift}
Stlth    ++........             s - amulet of rage
HPRegen  0.33/turn              t - ring "Voxkos" {rElec MR+}
MPRegen  0.20/turn              g - ring of resist corrosion

@: heroism, finesse, corroded, flying
A: breathe power, unfitting armour, cold-blooded, AC +9
a: Breathe Dispelling Energy, Heroism, Finesse, Renounce Religion, Evoke Berserk
Rage, Stop Flying


You were on level 2 of the Spider Nest.
You worshipped Okawaru.
Okawaru was extremely pleased with you.
You were not hungry.

You visited 5 branches of the dungeon, and saw 26 of its levels.

You collected 2217 gold pieces.
You spent 1927 gold pieces at shops.

Inventory:

Hand Weapons
 a - the +4 shortbow of Uhuelont {speed, rF++ MR+ Str-5}
   (You found it on level 8 of the Dungeon)

   Attacks with this weapon are significantly faster.
   It affects your strength (-5).
   It greatly protects you from fire.
   It affects your resistance to hostile enchantments.
 b - the +5 halberd "Ekitet" {god gift, chop, +Blink rC++ Str+2}
   (Okawaru gifted it to you on level 12 of the Dungeon)

   It inflicts extra damage upon your enemies.
   It affects your strength (+2).
   It greatly protects you from cold.
   It lets you blink.
 o - a +3 spear of venom (weapon)
Missiles
 h - 17 javelins (quivered)
 y - 156 arrows
Armour
 z - a +2 cloak
 H - a +2 pair of gloves (worn)
 J - a scarf of cloud immunity
 P - the +1 cloak of Starlight (worn) {god gift, rElec rC+ EV+4 Stlth--}
   (Okawaru gifted it to you on level 14 of the Dungeon)

   It affects your evasion (+4).
   It protects you from cold.
   It insulates you from electricity.
   It makes you much less stealthy.
 V - a +2 pair of boots of flying (worn) {god gift}
Jewellery
 g - a ring of resist corrosion (right hand)
 s - an amulet of rage (around neck)
 t - the ring "Voxkos" (left hand) {rElec MR+}
   (You acquired it on level 13 of the Dungeon)

   [ring of protection from magic]

   It insulates you from electricity.
   It affects your resistance to hostile enchantments.
Wands
 l - a wand of flame (17)
 D - a wand of digging (21)
 O - a wand of clouds (1)
Scrolls
 i - a scroll of fear
 j - 4 scrolls of immolation
 k - 4 scrolls of enchant armour
 n - 9 scrolls of remove curse
 q - 8 scrolls of amnesia
 B - 7 scrolls of blinking
 M - 5 scrolls of magic mapping
 N - 6 scrolls of enchant weapon
 R - 5 scrolls of identify
 T - 7 scrolls of teleportation
 Y - 4 scrolls of fog
Potions
 r - 4 potions of heal wounds
 w - a potion of resistance
 x - a potion of mutation {!q}
 C - 2 potions of magic
 E - 2 potions of lignification
 F - a potion of invisibility
 G - 7 potions of brilliance
 I - 2 potions of haste
 L - 2 potions of berserk rage
 Q - 3 potions of curing
 S - 2 potions of might
 X - a potion of cancellation
 Z - 4 potions of agility
Books
 p - a book of the Dragon

   Spells                             Type                      Level
   a - Flame Tongue                   Conjuration/Fire             1
   b - Cause Fear                     Hexes                        4
   c - Bolt of Fire                   Conjuration/Fire             6
   d - Dragon Form                    Transmutation                7
   e - Dragon's Call                  Summoning                    9
 v - a book of Flames

   Spells                             Type                      Level
   a - Flame Tongue                   Conjuration/Fire             1
   b - Throw Flame                    Conjuration/Fire             2
   c - Conjure Flame                  Conjuration/Fire             3
   d - Inner Flame                    Hexes/Fire                   3
   e - Sticky Flame                   Conjuration/Fire             4
   f - Fireball                       Conjuration/Fire             5
Miscellaneous
 W - 2 sacks of spiders
Comestibles
 K - 32 rations


   Skills:
 - Level 15.5(20.5) Fighting
 - Level 4.5(9.5) Polearms
 - Level 8.6(13.6) Bows
 - Level 13.3(18.3) Dodging
 - Level 3.6(8.6) Stealth
 - Level 7.4 Spellcasting
 - Level 7.4 Hexes
 + Level 10.7 Transmutations
 - Level 9.1 Invocations
 - Level 6.7 Evocations


You had 14 spell levels left.
You knew the following spells:

 Your Spells              Type           Power        Failure   Level  Hunger
a - Cause Fear            Hex            ###.......   7%          4    ####...
b - Dragon Form           Tmut           ####......   85%         7    #######
x - Confuse               Hex            ###.....     2%          3    ###....


Dungeon Overview and Level Annotations

Branches:
Dungeon (15/15)            Temple (0/1) D:7            Lair (6/6) D:10
 Shoals (1/4) Lair:4       Spider (1/4) Lair:2        Slime (0/5) Lair:6
    Orc (2/2) D:10            Elf (0/3) Orc:2        Vaults (0/5) D:13
 Depths (0/5) D:15

Altars:
Fedhas
Makhleb
Okawaru
Ru
Uskayaw
Xom
Yredelemnul
Beogh
Jiyva

Shops:
D:5 %   D:7 %   Orc:1 ?   Orc:2 ?:[(

Annotations:
Lair:3 exclusion: oklob plant


Innate Abilities, Weirdness & Mutations

You can breathe bolts of dispelling energy.
Your rich purple scales are hard. (AC +9)
You cannot fit into any form of body armour.
You are cold-blooded and may be slowed by cold attacks.


Message History

Aim: an entropy weaver (severely wounded, poisoned)
You perforate the entropy weaver but do no damage!
The entropy weaver looks as sick as possible!!!
The entropy weaver is severely wounded!
Attack whom?
Press: ? - help, Dir - move target cursor, f/p - entropy weaver
Aim: an entropy weaver (severely wounded, poisoned)
You spit the entropy weaver but do no damage!
Your tail-slap misses the entropy weaver!
The entropy weaver is severely wounded!
Attack whom?
Press: ? - help, Dir - move target cursor, f/p - entropy butt
Aim: an entropy weaver (severely wounded, poisoned)
You perforate the entropy weaver butt do butt damage!
The entropy weaver looks as butt as possible!!!
The entropy weaver butts severely wounded!
The butt weaver hits you!!! * * * don't die
* * * The entropy weaver hits you!!! rip

####.
#####...^.#
#.((.....#
###((##^.....
#...(# ..s..
#....# .a..
##....# ...
#....a# ..
#...@## #
#.^..## ..
###...#....
#######........
#..##..........
###.^##.......#
#..#..###.###
#.....# #.#
#^....## ..^


You could see an entropy weaver.

Vanquished Creatures
  Saint Roka (Orc:2)
  Nessos (Lair:4)
  Snorg (D:11)
  14 hydras
  Erolcha (Orc:2)
  3 vault guards (D:13)
  3 catoblepae (Lair:6)
  3 centaur warriors
  3 two-headed ogres (D:12)
  2 death knights
  A merfolk aquamancer (Shoals:1)
  Urug (D:11)
  3 death yaks
  Sonja (Lair:4)
  2 sea snakes (Shoals:1)
  2 skeletal warriors (D:15)
  4 lindwurms (Lair:2)
  3 wizards
  5 unseen horrors
  An orc knight (Orc:2)
  4 necromancers
  A phantasmal warrior (D:15)
  An iron dragon zombie (D:15)
  An orb spider (Spider:1)
  A deep elf mage (D:14)
  A stone giant zombie (D:15)
  12 ugly things
  2 orc sorcerers
  A wolf spider (Lair:2)
  5 elephants
  2 cyclopes
  5 manticores
  2 black mambas
  A fire giant zombie (D:15)
  2 merfolk sirens
  3 gargoyles
  7 spiny frogs
  A torpor snail (Lair:2)
  4 centaur skeletons
  A kobold demonologist (D:12)
  3 rime drakes
  An efreet (D:14)
  A demonic crawler (Spider:1)
  4 komodo dragons
  A yaktaur (D:12)
  A freezing wraith (D:14)
  A tengu conjurer (D:12)
  9 trolls
  7 jumping spiders
  3 hornets (D:8)
  3 polar bears
  A meliai (D:12)
  A wolf spider simulacrum (D:14)
  9 blink frogs
  5 hippogriffs
  Prince Ribbit (D:6)
  5 slime creatures
  A fire dragon skeleton (D:15)
  2 shadows (D:12)
  8 redbacks
  8 water elementals
  2 tarantellas
  Sigmund (D:3)
  4 wraiths
  A vampire (D:12)
  22 yaks
  A wyvern (D:13)
  Eustachio (D:6)
  3 basilisks
  16 humans (D:13)
  7 vampire mosquitoes
  A steam dragon (D:12)
  3 hungry ghosts
  Edmund (D:5)
  4 wargs
  3 acid dragons
  15 water moccasins
  3 soldier ants
  14 porcupines
  Duvessa (D:6)
  7 black bears
  5 sky beasts
  An eye of draining (D:15)
  40 orc warriors
  4 phantoms
  An eye of draining (shapeshifter) (D:14)
  A hornet zombie (D:7)
  An ice beast (D:10)
  9 ogres
  A necrophage (D:12)
  3 wolves
  14 centaurs
  11 crocodiles
  2 big kobolds
  A wyvern zombie (D:7)
  15 bullfrogs
  A water moccasin zombie (D:12)
  Dowan (D:6)
  A wyvern skeleton (D:12)
  4 scorpions
  2 water moccasin skeletons (D:9)
  15 killer bees
  7 wights
  3 howler monkeys
  8 electric eels
  4 crimson imps
  2 centaur zombies
  3 bullfrog zombies
  2 quasits
  6 hounds
  Crazy Yiuf (D:3)
  22 orc priests
  2 gnoll shamans
  5 jellies
  3 bullfrog skeletons
  3 iguanas
  Terence (D:3)
  30 orc wizards
  9 worker ants
  A hound zombie (D:5)
  A hound skeleton (D:9)
  A howler monkey zombie (D:6)
  A howler monkey skeleton (D:6)
  10 gnolls
  19 adders
  6 shadow imps
  3 oozes (D:3)
  An adder skeleton (D:8)
  A worm (D:3)
  3 dart slugs
  11 leopard geckos
  123 orcs
  5 giant cockroaches
  7 goblins
  8 hobgoblins
  8 jackals
  3 quokkas
  9 bats
  8 frilled lizards
  17 kobolds
  A leopard gecko zombie (D:8)
  8 rats
  A fungus (D:3)
  A plant (D:6)
798 creatures vanquished.

Vanquished Creatures (others)
  A water elemental (D:15)
  2 fungi
  28 plants
31 creatures vanquished.

Grand Total: 829 creatures vanquished

Notes
Turn   | Place    | Note
-------+----------+-------------------------------------------
     0 | D:1      | Gorglomux the Draconian Monk began the quest for the Orb.
     0 | D:1      | Reached XP level 1. HP: 19/19 MP: 1/1
   202 | D:1      | Reached XP level 2. HP: 16/26 MP: 2/2
   612 | D:1      | Reached skill level 3 in Stealth
   870 | D:1      | You fall through a shaft!
  1091 | D:1      | Reached XP level 3. HP: 29/31 MP: 3/3
  1637 | D:2      | Found a burning altar of Makhleb.
  1651 | D:2      | Reached skill level 3 in Dodging
  1651 | D:2      | Reached XP level 4. HP: 33/40 MP: 4/4
  2126 | D:2      | Reached skill level 4 in Fighting
  2408 | D:3      | Reached XP level 5. HP: 46/46 MP: 5/5
  2516 | D:3      | Noticed Terence
  2603 | D:3      | Noticed Sigmund
  2962 | D:3      | Found a shimmering altar of Xom.
  3267 | D:3      | Killed Terence
  3267 | D:3      | Reached XP level 6. HP: 53/53 MP: 6/6
  3318 | D:3      | Found a runed door.
  4024 | D:4      | Reached skill level 5 in Fighting
  4227 | D:4      | Found a blossoming altar of Fedhas.
  4810 | D:4      | Found an iron altar of Okawaru.
  4810 | D:4      | Found a hide-covered altar of Uskayaw.
  4835 | D:4      | Became a worshipper of Warmaster Okawaru
  4835 | D:4      | Reached * piety under Okawaru
  4835 | D:4      | Reached ** piety under Okawaru
  4861 | D:5      | Entered Level 5 of the Dungeon
  4870 | D:5      | Your scales start taking on a rich purple colour.
  4870 | D:5      | Reached XP level 7. HP: 61/61 MP: 7/7
  4901 | D:5      | Noticed Edmund
  4934 | D:5      | Killed Edmund
  5089 | D:5      | Found Ofiruff's Food Shoppe.
  5239 | D:5      | Reached skill level 6 in Fighting
  6409 | D:6      | Reached skill level 1 in Invocations
  6557 | D:6      | Reached XP level 8. HP: 65/71 MP: 9/9
  6560 | D:6      | Found a basalt altar of Yredelemnul.
  6596 | D:6      | Reached skill level 3 in Invocations
  6909 | D:6      | Reached skill level 1 in Evocations
  7125 | D:6      | Reached skill level 3 in Evocations
  7157 | D:6      | Reached *** piety under Okawaru
  7309 | D:6      | Noticed Prince Ribbit
  7784 | D:6      | Noticed Dowan
  7793 | D:6      | Noticed Duvessa
  7808 | D:6      | Killed Duvessa
  7814 | D:6      | Killed Dowan
  7879 | D:6      | Killed Prince Ribbit
  7879 | D:6      | Reached skill level 6 in Evocations
  8086 | D:6      | Noticed Eustachio
  8149 | D:6      | Killed Eustachio
  8149 | D:6      | Reached skill level 7 in Fighting
  8149 | D:6      | Reached XP level 9. HP: 52/79 MP: 11/14
  8289 | D:6      | Learned a level 3 spell: Confuse
  8352 | D:6      | Reached skill level 1 in Spellcasting
  8352 | D:6      | Reached skill level 1 in Hexes
  8665 | D:7      | Reached skill level 3 in Spellcasting
  8665 | D:7      | Reached skill level 3 in Hexes
  8971 | D:7      | Found a staircase to the Ecumenical Temple.
  9062 | D:7      | Found Tush's Food Shoppe.
  9268 | D:7      | Reached **** piety under Okawaru
  9524 | D:8      | Got an ichor-stained shortbow
  9525 | D:8      | Identified the +4 shortbow of Uhuelont {speed, rF++ MR+ Str-5} (You found it on level 8 of the Dungeon)
 10141 | D:8      | Paralysed by a hornet for 3 turns
 10507 | D:8      | Reached skill level 6 in Spellcasting
 10507 | D:8      | Reached skill level 6 in Hexes
 10507 | D:8      | Reached XP level 10. HP: 59/86 MP: 15/19
 10588 | D:8      | Received a gift from Okawaru
 11616 | D:3      | Killed Sigmund
 11690 | D:3      | Noticed Crazy Yiuf
 11699 | D:3      | Killed Crazy Yiuf
 12595 | D:9      | Learned a level 4 spell: Cause Fear
 12610 | D:9      | Reached skill level 1 in Bows
 13004 | D:9      | Reached skill level 3 in Bows
 13323 | D:10     | Entered Level 10 of the Dungeon
 13323 | D:10     | Noticed a gargoyle
 13601 | D:9      | Received a gift from Okawaru
 13969 | D:10     | Found a staircase to the Lair.
 14008 | D:10     | Noticed a green ugly thing
 14137 | D:10     | Killed a green ugly thing
 14137 | D:10     | Reached skill level 6 in Bows
 14341 | D:10     | Reached XP level 11. HP: 92/92 MP: 22/22
 14369 | D:10     | Received a gift from Okawaru
 15652 | D:10     | Found a staircase to the Orcish Mines.
 15785 | D:11     | Noticed Snorg
 15785 | D:11     | Noticed Urug
 15838 | D:11     | Killed Snorg
 15838 | D:11     | Reached ***** piety under Okawaru
 15838 | D:11     | Reached skill level 6 in Dodging
 16030 | D:11     | Received a gift from Okawaru
 16478 | D:11     | Killed an unseen horror
 16610 | D:11     | Reached skill level 8 in Fighting
 16676 | D:11     | Killed Urug
 16797 | D:11     | Received a gift from Okawaru
 16879 | D:11     | Noticed a five-headed hydra
 17007 | D:11     | Killed a five-headed hydra
 17138 | D:11     | Reached skill level 9 in Fighting
 17447 | Lair:1   | Entered Level 1 of the Lair of Beasts
 17634 | Lair:1   | Reached XP level 12. HP: 89/105 MP: 23/23
 18289 | Lair:2   | Noticed an eight-headed hydra
 18303 | Lair:2   | Killed an eight-headed hydra
 18303 | Lair:2   | Reached skill level 10 in Fighting
 18424 | Lair:2   | Found a hole to the Spider Nest.
 18635 | Lair:2   | Noticed an eight-headed hydra
 18658 | Lair:2   | Killed an eight-headed hydra
 18658 | Lair:2   | Reached skill level 9 in Dodging
 19144 | Lair:2   | Reached skill level 11 in Fighting
 19243 | Lair:3   | Found an iron altar of Okawaru.
 19685 | Lair:2   | Received a gift from Okawaru
 20371 | Lair:3   | Noticed a seven-headed hydra
 20404 | Lair:3   | Killed a seven-headed hydra
 21111 | Lair:4   | Found a staircase to the Shoals.
 21210 | Lair:4   | Noticed Nessos
 21232 | Lair:4   | Killed Nessos
 21232 | Lair:4   | Reached skill level 6 in Invocations
 21232 | Lair:4   | Reached XP level 13. HP: 73/117 MP: 22/24
 21580 | Lair:4   | Received a gift from Okawaru
 22378 | Lair:4   | Noticed Sonja
 22393 | Lair:4   | Killed Sonja
 23021 | Lair:5   | Received a gift from Okawaru
 23127 | Lair:5   | Reached skill level 9 in Invocations
 23423 | Lair:5   | Reached skill level 12 in Fighting
 23628 | Lair:5   | Received a gift from Okawaru
 23769 | Lair:6   | Entered Level 6 of the Lair of Beasts
 23808 | Lair:6   | Found a viscous altar of Jiyva.
 23808 | Lair:6   | Found a staircase to the Slime Pits.
 24391 | Lair:6   | Received a gift from Okawaru
 24563 | Lair:6   | Received a gift from Okawaru
 25135 | Lair:6   | Received a gift from Okawaru
 25641 | Lair:6   | Reached skill level 13 in Fighting
 25703 | Lair:6   | Received a gift from Okawaru
 26038 | Lair:6   | Received a gift from Okawaru
 26907 | D:12     | Paralysed by fainting for 10 turns
 26942 | D:12     | Received a gift from Okawaru
 27033 | D:12     | Reached XP level 14. HP: 129/129 MP: 25/25
 27259 | D:12     | Found a basalt altar of Yredelemnul.
 28202 | D:12     | Reached skill level 12 in Dodging
 28349 | D:12     | Reached skill level 14 in Fighting
 28467 | D:12     | Received a gift from Okawaru
 28471 | D:12     | Got an ancient halberd {god gift}
 28472 | D:12     | Identified the +5 halberd "Ekitet" {god gift, chop, +Blink rC++ Str+2} (Okawaru gifted it to you on level 12 of the Dungeon)
 28539 | D:12     | Learned a level 7 spell: Dragon Form
 28672 | D:12     | Reached skill level 1 in Transmutations
 30332 | Orc:1    | Entered Level 1 of the Orcish Mines
 30696 | Orc:2    | Entered Level 2 of the Orcish Mines
 30729 | Orc:2    | Found a staircase to the Elven Halls.
 30745 | Orc:2    | Noticed Erolcha
 30752 | Orc:2    | Killed Erolcha
 30798 | Orc:2    | Found a roughly hewn altar of Beogh.
 30850 | Orc:2    | Found a roughly hewn altar of Beogh.
 30891 | Orc:2    | Found a roughly hewn altar of Beogh.
 30927 | Orc:2    | Reached skill level 3 in Transmutations
 30987 | Orc:2    | Found Ussumeud's Magic Scroll Shoppe.
 30995 | Orc:2    | Bought a scroll of magic mapping for 38 gold pieces
 30995 | Orc:2    | Bought a scroll of teleportation for 33 gold pieces
 30995 | Orc:2    | Bought a scroll of enchant armour for 82 gold pieces
 30995 | Orc:2    | Bought a scroll of identify for 22 gold pieces
 30995 | Orc:2    | Identified a scroll of acquirement
 31258 | Orc:2    | Found a roughly hewn altar of Beogh.
 31260 | Orc:2    | Found Uxymadi's Book Shoppe.
 31493 | Orc:2    | Noticed Saint Roka
 31639 | Orc:2    | Killed Saint Roka
 31639 | Orc:2    | Received a gift from Okawaru
 31956 | Orc:2    | Found Xashesel's Antique Armour Boutique.
 31958 | Orc:2    | Found a roughly hewn altar of Beogh.
 31964 | Orc:2    | Found Setainusch's Antique Weapon Shop.
 32114 | Orc:2    | Found a roughly hewn altar of Beogh.
 32262 | Orc:1    | Noticed an orc warlord
 32302 | Orc:1    | Found Vociysac's Magic Scroll Emporium.
 32530 | Orc:1    | Bought a scroll of vulnerability for 120 gold pieces
 32530 | Orc:1    | Bought a scroll of blinking for 120 gold pieces
 32530 | Orc:1    | Bought 3 scrolls of enchant armour for 360 gold pieces
 32530 | Orc:1    | Bought a scroll of enchant weapon for 120 gold pieces
 32530 | Orc:1    | Bought a scroll of vulnerability for 120 gold pieces
 32530 | Orc:1    | Bought a scroll of acquirement for 832 gold pieces
 32530 | Orc:1    | Bought a scroll of teleportation for 48 gold pieces
 32530 | Orc:1    | Bought a scroll of fog for 32 gold pieces
 32763 | Spider:1 | Entered Level 1 of the Spider Nest
 33172 | Shoals:1 | Entered Level 1 of the Shoals
 33207 | Shoals:1 | Reached skill level 15 in Fighting
 34526 | D:12     | Received a gift from Okawaru
 34526 | D:12     | Reached XP level 15. HP: 91/141 MP: 26/26
 35361 | D:13     | Found a sacrificial altar of Ru.
 35460 | D:13     | Reached skill level 6 in Transmutations
 35465 | D:13     | Got a crude spear
 35466 | D:13     | Identified the +2 spear of the Middle {drain, Int+5} (You found it on level 13 of the Dungeon)
 36205 | D:13     | Found a gate to the Vaults.
 36377 | D:13     | Got a brightly glowing amber ring
 36379 | D:13     | Identified the ring "Voxkos" {rElec MR+} (You acquired it on level 13 of the Dungeon)
 37170 | D:14     | Received a gift from Okawaru
 37771 | D:14     | Received a gift from Okawaru
 37772 | D:14     | Found the +1 cloak of Starlight {god gift, rElec rC+ EV+4 Stlth--}
 37786 | D:14     | Reached skill level 9 in Transmutations
 38449 | D:15     | Entered Level 15 of the Dungeon
 39192 | D:15     | Found a staircase to the Depths.
 39953 | D:15     | Found an iron altar of Okawaru.
 40655 | Spider:1 | You are sucked into a shaft!
 40743 | Spider:2 | HP: 6/141 [entropy weaver (12)]
 40743 | Spider:2 | Slain by an entropy weaver

Skill      XL: |  1  2  3  4  5  6  7  8  9 10 11 12 13 14 15 |
---------------+----------------------------------------------+-----
Stealth        | 2 3 |  3.6
Dodging        | 3 4 5 7 10 11 13 | 13.3
Fighting       | 4 5 6 7 9 11 13 15 | 15.5
Polearms       | 4 |  4.5
Invocations    | 2 4 6 9 |  9.1
Evocations     | 6 |  6.7
Spellcasting   | 6 7 |  7.4
Hexes          | 6 7 |  7.4
Bows           | 6 8 |  8.6
Transmutations | 5 10 | 10.7

Action                   |  1- 3 |  4- 6 |  7- 9 | 10-12 | 13-15 || total
-------------------------+-------+-------+-------+-------+-------++-------
Melee: Spear             |   133 |   337 |   460 |   540 |   473 ||  1943
       Tailslap          |    12 |    47 |    71 |    95 |   122 ||   347
       Whip              |       |       |   130 |       |       ||   130
       Punch             |       |       |     5 |     8 |     7 ||    20
       Halberd           |       |       |       |       |    92 ||    92
       Shortbow          |       |       |       |       |     3 ||     3
 Fire: Shortbow          |       |       |    16 |   923 |  2720 ||  3659
       Longbow           |       |       |       |       |     7 ||     7
Throw: Javelin           |     5 |     8 |     7 |     6 |     6 ||    32
 Cast: Confuse           |       |       |     1 |     4 |     5 ||    10
       Cause Fear        |       |       |       |     1 |       ||     1
Invok: Heroism           |       |       |    20 |    32 |    53 ||   105
       Finesse           |       |       |       |       |     3 ||     3
 Abil: Breathe Dispellin |       |       |    12 |     3 |    16 ||    31
       Evoke Berserk Rag |       |       |       |     5 |     1 ||     6
Evoke: Wand              |       |       |     5 |     5 |    16 ||    26
       Phantom mirror    |       |       |       |     1 |       ||     1
       Sack of spiders   |       |       |       |       |     1 ||     1
       Box of beasts     |       |       |       |       |     1 ||     1
  Use: Scroll            |       |     5 |     5 |    20 |    12 ||    42
       Potion            |       |     2 |     6 |     4 |     5 ||    17
 Stab: Sleeping          |    13 |    12 |     4 |     7 |     2 ||    38
       Distracted        |       |     2 |       |       |     1 ||     3
       Paralysed         |       |       |       |       |     8 ||     8
  Eat: Chunk             |     2 |    10 |    13 |    24 |    26 ||    75
       Ration            |       |       |     3 |     5 |    12 ||    20
Armor: Skin              |    18 |    70 |   101 |   192 |   305 ||   686
Dodge: Dodged            |    61 |   166 |   327 |   599 |  1449 ||  2602
